 Dungeon Crawl Stone Soup version 0.31.0-11-ge490571c62 (webtiles) character file.

Game seed: 5454103261783068243

49 qw the Shooter (level 3, 0/20 HPs)
             Began as a Deep Elf Hunter on Feb 4, 2024.
             Succumbed to an adder's poison
             ... on level 2 of the Dungeon.
             The game lasted 00:00:03 (978 turns).

qw the Shooter (Deep Elf Hunter)                     Turns: 978, Time: 00:00:04

Health: 0/20       AC:  3    Str:  9 (10) XL:     3   Next: 51%
Magic:  5/5        EV: 12    Int: 10 (13) God:
Gold:   86         SH:  0    Dex: 16 (18) Spells: 2/2 levels left

rFire   . . .        a - +0 shortbow
rCold   . . .        (shield currently unavailable)
rNeg    . . .        c - +0 leather armour
rPois   .            (no helmet)
rElec   .            (no cloak)
rCorr   .            (no gloves)
SInv    .            (no boots)
Will    .....        (no amulet)
Stlth   ++           (no ring)
HPRegen 0.23/turn    (no ring)
MPRegen 0.09/turn

%: no passive effects
@: lethally poisoned (0 -> -2)
A: no striking features
a: no special abilities


You were on level 2 of the Dungeon.
You visited 1 branch of the dungeon, and saw 2 of its levels.

You collected 86 gold pieces.


   Skills:
 - Level 1.5 Fighting
 + Level 7.0 Ranged Weapons
 - Level 2.4 Dodging
 - Level 1.2 Stealth


You had 2 spell levels left.
You didn't know any spells.
Your spell library was empty.

Inventory:

Hand Weapons
 a - a +0 shortbow (weapon)
Armour
 c - a +0 leather armour (worn)
Potions
 d - a potion of resistance
 l - a potion of heal wounds {unknown}

Dungeon Overview and Level Annotations

Branches:
Dungeon (2/15)

Altars:


Message History

The adder closely misses you.
You shoot an arrow. The arrow barely misses the adder.
The goblin barely misses you. The ball python closely misses you.
The ball python grabs you. The ball python constricts you.
The adder barely misses you.
You shoot an arrow. The arrow hits the ball python.
The ball python is severely wounded.
The goblin hits you with a +0 dagger.
The ball python bites you but does no damage.
The ball python constricts you. The adder closely misses you.
The goblin hits you with a +0 dagger.
You shoot an arrow. The arrow hits the ball python.
You kill the ball python!
The adder closely misses you. The adder barely misses you.
The goblin hits you but does no damage.
You shoot an arrow.
The arrow hits the adder but does no damage.
The adder is severely wounded.
The adder misses you. The goblin misses you.
You shoot an arrow.
The arrow hits the adder but does no damage.
The adder is severely wounded.
The adder misses you. The goblin misses you. The adder closely misses you.
You shoot an arrow. The arrow closely misses the adder.
The adder bites you.
You are poisoned.
The adder poisons you! The goblin closely misses you.
You shoot an arrow. The arrow misses the adder.
You feel sick. The adder barely misses you. The goblin closely misses you.
The adder bites you but does no damage.
You shoot an arrow. The arrow hits the adder.
The adder is severely wounded.
You feel sick. The goblin hits you with a +0 dagger. The adder bites you.
You shoot an arrow. The arrow hits the adder.
You kill the adder!
You feel sick. The goblin closely misses you.
Your Ranged Weapons skill increases to level 7!
You shoot an arrow. The arrow hits the goblin.
You kill the goblin!
You die...

#<#... ###+#..## ..
#.#.)###....:..# .
#.#..#.).....#.. .
#.#....#.....#.###.#
..##.#.#.....#.#)#.#.. .
.....#.#.....#..........
.....#.#.........###..#.
.###.#.#....##.)....<...
.# #...#######.#@%)...[.
.# ##### #.###...... ##
#.# >#.## #)# # . #.#
#.# #.#


There were no monsters in sight!

Vanquished Creatures
  An adder (D:2)
  4 endoplasms
  A giant cockroach (D:1)
  5 goblins
  2 hobgoblins (D:1)
  2 jackals (D:1)
  2 quokkas (D:1)
  6 ball pythons
  2 bats (D:1)
  3 frilled lizards (D:1)
  8 kobolds
  3 rats (D:1)
39 creatures vanquished.

Notes
Turn   | Place    | Note
-------+----------+-------------------------------------------
     0 | D:1      | qw the Deep Elf Hunter began the quest for the Orb.
     0 | D:1      | Reached XP level 1. HP: 12/12 MP: 3/3
     0 | D:1      | 0 ||| qw: Version: 0.3-a-160-g6735b56
     0 | D:1      | 0 ||| qw: Game counter: 4699
     0 | D:1      | 0 ||| qw: Melee chars always use a shield: true
     0 | D:1      | 0 ||| qw: God list: Okawaru
     0 | D:1      | 0 ||| qw: Allow faded altars: false
     0 | D:1      | 0 ||| qw: Do Orc after clearing Dungeon:15 true
     0 | D:1      | 0 ||| qw: Do second Lair branch before Depths: true
     0 | D:1      | 0 ||| qw: Lair rune preference: random
     0 | D:1      | 0 ||| qw: Goals: Normal
     0 | D:1      | 0 ||| PLANNING D:1-11
   170 | D:1      | Found a faded altar of an unknown god.
   190 | D:1      | Reached XP level 2. HP: 16/16 MP: 4/4
   204 | D:1      | Reached skill level 6 in Ranged Weapons
   533 | D:1      | Reached XP level 3. HP: 20/20 MP: 5/5
   760 | D:1      | 760 ||| READING scroll labelled NURAOS KIKH.
   764 | D:1      | 764 ||| READING scroll labelled QALIUFUOMA.
   765 | D:1      | 765 ||| READING scroll labelled UZOAZO DEAGAMM.
   866 | D:1      | 866 ||| READING 3 scrolls labelled BIAFRO ZIULLE.
   866 | D:1      | 866 ||| IDENTIFYING murky blue potion
   867 | D:1      | 867 ||| READING 2 scrolls of identify.
   867 | D:1      | 867 ||| IDENTIFYING dark potion
   868 | D:1      | 868 ||| READING scroll of identify.
   868 | D:1      | 868 ||| IDENTIFYING black potion
   869 | D:1      | 869 ||| DRINKING 2 yellow potions.
   870 | D:1      | 870 ||| DROPPING scroll of butterflies.
   871 | D:1      | 871 ||| DROPPING potion of degeneration.
   872 | D:1      | 872 ||| DROPPING potion of brilliance.
   873 | D:1      | 873 ||| DROPPING potion of lignification.
   976 | D:2      | HP: 4/20 [goblin/+0 dagger (2)]
   977 | D:2      | HP: 1/20 [poisoned by an adder]
   978 | D:2      | Reached skill level 7 in Ranged Weapons
   978 | D:2      | Succumbed to an adder's poison

Levels and vault maps discovered:
D:1:      dpeg_arrival_short_road, layout_basic,
          hellmonk_ecumenical_altar_leap_of_faith
D:2:      layout_basic, uniq_crazy_yiuf_cottage, uniq_natasha

Skill      XL: |  1  2  3 |
---------------+----------+-----
Ranged Weapons | 6 7 |  7.0
Fighting       | |  1.5
Dodging        | |  2.4
Stealth        | |  1.2

Action                     || total
---------------------------++-------
   Fire: Shortbow          ||   112
    Use: Scroll            ||     6
         Potion            ||     1
 Armour: Leather armour    ||    35
  Dodge: Dodged            ||    42

Table legend:
 A = Non-vault XP
 B = Vault XP
 C = Vault XP percentage of total XP
 D = Non-vault monster count
 E = Vault monster count
 F = Vault count percentage of total count
                 A         B        C        D         E       F
            +---------+---------+-------+---------+---------+-------
      Total |      71 |       0 |   0.0 |      39 |       0 |   0.0
            +---------+---------+-------+---------+---------+-------
        D:1 |      47 |       0 |   0.0 |      30 |       0 |   0.0
        D:2 |      24 |       0 |   0.0 |       9 |       0 |   0.0
            +---------+---------+-------+---------+---------+-------
